 Dungeon Crawl Stone Soup version 0.31-a0-986-g5e6e4ef867 (webtiles) character file.

Game seed: 5189099683121153839

23614 LeprechaunX the Mimic (level 13, -10/81 HPs)
             Began as an Octopode Shapeshifter on Nov 24, 2023.
             Was an Elder of Hepliaklqana.
             Mangled by an elephant (20 damage)
             ... on level 2 of the Lair of Beasts.
             The game lasted 00:16:30 (8603 turns).

LeprechaunX the Mimic (Octopode Shapeshifter)       Turns: 8603, Time: 00:16:31

Health: -10/81     AC: -3    Str: 15    XL:     13   Next: 7%
Magic:  17/17      EV: 23    Int: 13    God:    Hepliaklqana [****..]
Gold:   608        SH:  6    Dex: 20    Spells: 16/18 levels left

rFire   + . .        r - +8 Vampire's Tooth {megavamp}
rCold   + . .        K - +0 buckler
rNeg    + . .        (helmet currently unavailable)
rPois   .            O - amulet of regeneration
rElec   .            s - +6 ring of dexterity
rCorr   +            w - ring "Teekhl Buma" {*Corrode rN+ EV+5 Slay+2}
SInv    +            C - ring of see invisible
Will    +....        G - ring of protection from cold
Stlth   +++          I - ring of protection from fire
HPRegen 1.13/turn    M - ring of willpower
MPRegen 0.15/turn    N - ring of resist corrosion
                     (no ring)

%: corrode self (3%)
@: beast-form, corroded
A: beast (slay +4), reduced essence, almost no armour, amphibious, 8 rings,
camouflage 1, gelatinous body 1, (nimble swimmer 1), tentacles
a: Begin Untransformation, Renounce Religion, Recall Ancestor, Ancestor
Identity, Transference, Idealise


You were on level 2 of the Lair of Beasts.
You worshipped Hepliaklqana.
Hepliaklqana was greatly pleased with you.
You were a hulking beast.
You visited 3 branches of the dungeon, and saw 14 of its levels.

You collected 636 gold pieces.
You spent 28 gold pieces at shops.

Inventory:

Hand Weapons
 r - the +8 Vampire's Tooth (weapon) {megavamp}
   (You acquired it on level 3 of the Dungeon)
Missiles
 h - 10 boomerangs (quivered)
 L - 4 throwing nets
Armour
 K - a +0 buckler (worn)
Jewellery
 e - a ring of ice
 s - a +6 ring of dexterity (left tentacle)
 w - the ring "Teekhl Buma" (right tentacle) {*Corrode rN+ EV+5 Slay+2}
   (You found it on level 3 of the Dungeon)

   [ring of evasion]

   EV+5:      It affects your evasion (+5).
   Slay+2:    It affects your accuracy & damage with ranged weapons and melee
   (+2).
   rN+:       It protects you from negative energy.
   *Corrode:  It may corrode you when you take damage.
 C - a ring of see invisible (on tentacle)
 G - a ring of protection from cold (on tentacle)
 H - a ring of ice
 I - a ring of protection from fire (on tentacle)
 M - a ring of willpower (on tentacle)
 N - a ring of resist corrosion (on tentacle)
 O - an amulet of regeneration (around mantle)
Talismans
 b - a beast talisman
 P - a serpent talisman
Wands
 p - a wand of polymorph (11)
 B - a wand of flame (56)
 D - a wand of quicksilver (4)
 E - a wand of mindburst (18)
Scrolls
 c - 2 scrolls of identify
 g - 3 scrolls of fog
 i - 2 scrolls of acquirement
 j - a scroll of vulnerability {unknown}
 n - 5 scrolls of enchant weapon
 o - 4 scrolls of enchant armour
 q - 7 scrolls of noise
 u - 2 scrolls of poison {unknown}
 y - 3 scrolls of teleportation {unknown}
 A - 2 scrolls of fear
 J - 3 scrolls of blinking
Potions
 a - 4 potions of lignification
 d - a potion of invisibility {unknown}
 f - 2 potions of heal wounds {unknown}
 k - a potion of haste {unknown}
 l - 2 potions of might {unknown}
 m - 2 potions of brilliance {unknown}
 t - 3 potions of curing
 v - 3 potions of attraction
 x - 2 potions of mutation {unknown}
 z - a potion of resistance {unknown}


   Skills:
 + Level 9.0 Fighting
 - Level 5.2 Short Blades
 - Level 3.0 Throwing
 + Level 7.7 Dodging
 - Level 5.0 Shields
 - Level 5.6 Unarmed Combat
 - Level 3.0 Spellcasting
 + Level 3.6 Translocations
 + Level 4.0 Invocations
 + Level 7.9 Evocations
 * Level 11.8 Shapeshifting


You had 16 spell levels left.
You knew the following spells:

 Your Spells              Type           Power      Damage    Failure   Level
a - Blink                 Tloc           22%        N/A       10%         2

Your spell library contained the following spells:

 Spells                   Type           Power      Damage    Failure   Level
 Manifold Assault         Tloc           11%        N/A       54%         4
 Passage of Golubria      Tloc           11%        N/A       54%         4
 Ozocubu's Armour         Ice            1%         N/A       65%         3
 Tukima's Dance           Hex            1%         N/A       65%         3
 Yara's Violent Unravell  Hex/Tmut       0%         3d3       100%        5
 Ozocubu's Refrigeration  Ice            0%         4d7       100%        7


Dungeon Overview and Level Annotations

Branches:
Dungeon (11/15)            Temple (1/1) D:4            Lair (2/5) D:8
    Orc (0/2) D:9
  Swamp: Lair:2-3    Shoals: Lair:2-3     Snake: Lair:2-3    Spider: Lair:2-3

Altars:
Ashenzari
Cheibriados
Dithmenos
Elyvilon
Fedhas
Gozag
Hepliaklqana
Kikubaaqudgha
Makhleb
Nemelex Xobeh
Okawaru
Qazlal
Ru
Sif Muna
Trog
Uskayaw
Vehumet
Wu Jian
Xom
Yredelemnul
Zin
The Shining One

Shops:
D:3 *   D:4 (**

Annotations:
D:6 exclusion: statue


Innate Abilities, Weirdness & Mutations

You are a hulking beast.
Your limbs bulge with bestial killing power. (Slay +4)
Your life essence is reduced to manifest your ancestor. (-10% HP)
You cannot wear most types of armour.
You are amphibious.
You can wear up to eight rings at the same time.
Your skin changes colour to match your surroundings (Stealth+).
Your rubbery body absorbs attacks. (AC +1, EV +1)
((You are camouflaged when in or above water. (Stealth+)))
You have tentacles for arms and can constrict up to eight enemies at once.


Message History

You block the killer bee's attack. The elephant tramples you!!
You hold your ground!
The elephant misses you.
You hit the elephant. You squeeze the elephant. You puncture the elephant!
You feel better.
The elephant is almost dead.
The killer bee stings you. The killer bee completely misses you.
The killer bee closely misses you. The elephant closely misses you.
The elephant trunk-slaps you.
You hit the queen bee.
You feel better.
You grab the queen bee. You tentacle-slap the queen bee.
Your squeeze misses the queen bee. You hit the queen bee.
You squeeze the queen bee, but do no damage.
The queen bee is moderately wounded.
You constrict the queen bee. The killer bee misses you.
You block the killer bee's attack. The killer bee barely misses you.
The queen bee stings you. The elephant misses you.
The elephant trunk-slaps you.
You hit the queen bee but do no damage. You completely miss the queen bee.
The queen bee is moderately wounded.
You constrict the queen bee, but do no damage.
The killer bee misses you. You block the killer bee's attack.
The killer bee misses you. The queen bee stings you!!
* * * LOW HITPOINT WARNING * * *
The elephant barely misses you. The elephant misses you.
You puncture the queen bee!
You feel better.
You squeeze the queen bee. You puncture the queen bee!
You feel better.
The queen bee is severely wounded.
You constrict the queen bee. The killer bee closely misses you.
The killer bee misses you. The killer bee barely misses you.
The queen bee misses you. You block the elephant's attack.
The elephant trunk-slaps you.
* * * LOW HITPOINT WARNING * * *
Unknown command.
You hit the queen bee. You squeeze the queen bee.
You kill the queen bee!
The killer bee barely misses you. The killer bee completely misses you.
The killer bee stings you!
* * * LOW HITPOINT WARNING * * *
The killer bee misses you. x2; The elephant tramples you!!
You die...

....................
#.#.#h#.#.#.#.......
#..h....†.........♣
.#.#.#.#.#.#.#......#
.......<............#
...#.#.#.#†#.##.#..#♣
##.......†...†.††...♣
#.#.#.#.#.#.#lYyy..♣
#..#.##..y.##.#h#..♣
#...>..l...###### .♣
... ......... .#
#.####..## ## #...
...P ...


You could see an elephant, a wyvern and 2 killer bees.

Vanquished Creatures
  Harold (D:10)
  2 hydras (Lair:2)
  A lindwurm (Lair:2)
  A wolf spider (Lair:2)
  Joseph (D:10)
  Maurice (D:8)
  A black mamba (Lair:1)
  2 elephants (Lair:2)
  3 molten gargoyles (D:9)
  3 cane toads
  3 komodo dragons
  A rime drake (Lair:1)
  Psyche (D:8)
  A kobold demonologist (D:9)
  A queen bee (Lair:2)
  A troll (D:9)
  A polar bear (Lair:2)
  Grinder (D:3)
  3 blink frogs (Lair:1)
  Sigmund (D:4)
  A wyvern (Lair:2)
  A wraith (D:10)
  27 yaks
  3 basilisks (Lair:2)
  Eustachio (D:5)
  2 steam dragons
  A warg (D:9)
  A swamp worm (Lair:2)
  9 water moccasins
  3 orc warriors
  2 sky beasts (D:8)
  3 ice beasts
  An ogre (D:6)
  18 wolves (Lair:2)
  4 centaurs
  2 phantoms
  Blork the orc (D:5)
  3 bullfrogs
  A gnoll sergeant (D:11)
  2 kobold brigands
  4 scorpions
  11 wights
  21 killer bees
  A howler monkey (D:9)
  5 hounds
  5 orc priests
  3 jellies
  5 iguanas
  6 orc wizards
  7 gnolls
  4 adders
  2 ufetubi (D:5)
  2 worms
  6 dart slugs
  24 orcs
  8 bats
  2 endoplasms
  3 giant cockroaches
  7 goblins
  6 hobgoblins
  A quokka (D:2)
  8 ball pythons
  2 frilled lizards
  13 kobolds
  2 rats
274 creatures vanquished.

Vanquished Creatures (collateral kills)
  Erica (D:8)
  A molten gargoyle (D:9)
  A blink frog (Lair:1)
  A vampire (D:9)
  2 yaks (Lair:1)
  A wyvern (Lair:2)
  A basilisk (Lair:2)
  4 water moccasins
  2 wolves (Lair:2)
  A centaur (D:8)
  A wight (D:8)
  3 killer bees
  A lava snake (D:9)
  3 orc priests
  3 gnolls
  4 orcs (D:9)
  2 kobolds (D:9)
32 creatures vanquished.

Vanquished Creatures (others)
  6 battlemagi
  An ancestor (D:7)
7 creatures vanquished.

Grand Total: 313 creatures vanquished

Notes
Turn   | Place    | Note
-------+----------+-------------------------------------------
     0 | D:1      | LeprechaunX the Octopode Shapeshifter began the quest for
                  | the Orb.
     0 | D:1      | Reached XP level 1. HP: 13/13 MP: 1/1
   121 | D:1      | Reached XP level 2. HP: 18/18 MP: 2/2
   564 | D:2      | Reached XP level 3. HP: 15/23 MP: 3/3
   793 | D:2      | Identified the +10 short sword of Watchfulness {vamp, rN+}
  1324 | D:3      | Noticed Grinder
  1346 | D:3      | Killed Grinder
  1347 | D:3      | Reached skill level 1 in Throwing
  1347 | D:3      | Reached skill level 4 in Shapeshifting
  1347 | D:3      | Reached XP level 4. HP: 18/30 MP: 4/4
  1347 | D:3      | Reached XP level 5. HP: 21/35 MP: 5/5
  1347 | D:3      | Reached XP level 6. HP: 25/41 MP: 6/6
  1537 | D:3      | Found Piodeall's General Store.
  1545 | D:3      | Bought a scroll of identify for 28 gold pieces
  1545 | D:3      | Identified 3 scrolls of acquirement
  1547 | D:3      | Acquired the +8 Vampire's Tooth {megavamp}
  1547 | D:3      | Found the +8 Vampire's Tooth {megavamp}
  1769 | D:3      | Identified the ring "Teekhl Buma" {*Corrode rN+ EV+5
                  | Slay+2}
  2151 | D:4      | Found a hide-covered altar of Uskayaw.
  2158 | D:4      | Reached XP level 7. HP: 45/45 MP: 7/7
  2222 | D:4      | Found a staircase to the Ecumenical Temple.
  2330 | Temple   | Entered the Ecumenical Temple
  2360 | Temple   | Became a worshipper of Ru the Awakened
  2472 | D:4      | Found Bovvot's Assorted Antiques.
  2473 | D:4      | Found Uratom's Weapon Shop.
  2474 | D:4      | Found Zititt's General Store.
  2548 | D:4      | Found a blossoming altar of Fedhas.
  2557 | D:4      | Found a hazy altar of Hepliaklqana.
  2601 | D:4      | Fell from the grace of Ru
  2601 | D:4      | Became a worshipper of Hepliaklqana the Forgotten
  2629 | D:4      | Noticed Sigmund
  2631 | D:4      | Killed Sigmund
  2632 | D:4      | Reached skill level 5 in Shapeshifting
  2901 | D:5      | Entered Level 5 of the Dungeon
  3209 | D:5      | Noticed Blork the orc
  3213 | D:5      | Killed Blork the orc
  3214 | D:5      | Reached XP level 8. HP: 53/53 MP: 8/8
  3217 | D:5      | Identified the +4 whip of Rinwyaremp {vamp, Dex+4}
  3349 | D:5      | Reached skill level 1 in Short Blades
  3417 | D:5      | Reached skill level 6 in Shapeshifting
  3420 | D:5      | Reached skill level 5 in Unarmed Combat
  3480 | D:5      | Noticed Eustachio
  3486 | D:5      | Killed Eustachio
  4236 | D:6      | Reached XP level 9. HP: 51/59 MP: 9/9
  4343 | D:6      | Found a radiant altar of Vehumet.
  4424 | D:6      | Reached * piety under Hepliaklqana
  4532 | D:6      | Reached skill level 5 in Dodging
  4532 | D:6      | Reached skill level 7 in Shapeshifting
  4892 | D:6      | Found a snail-covered altar of Cheibriados.
  4987 | D:7      | Reached skill level 1 in Evocations
  5018 | D:7      | Reached skill level 5 in Fighting
  5027 | D:7      | Reached skill level 1 in Spellcasting
  5132 | D:7      | Found a shadowy altar of Dithmenos.
  5149 | D:7      | Reached skill level 8 in Shapeshifting
  5412 | D:7      | Found a burning altar of Makhleb.
  5438 | D:8      | Noticed Maurice
  5441 | D:8      | Maurice stole a ring of ice
  5442 | D:8      | Killed Maurice
  5443 | D:8      | Reached XP level 10. HP: 52/61 MP: 12/14
  5558 | D:8      | Reached ** piety under Hepliaklqana
  5559 | D:8      | Remembered your ancestor Ahmose as a battlemage
  5610 | D:8      | Found an opulent altar of Gozag.
  5649 | D:8      | Found a basalt altar of Yredelemnul.
  5968 | D:8      | Found a staircase to the Lair.
  6002 | D:8      | Noticed Psyche
  6006 | D:8      | Killed Psyche
  6027 | D:8      | Noticed Erica
  6031 | D:8      | Killed Erica
  6032 | D:8      | Reached skill level 9 in Shapeshifting
  6054 | D:8      | Found an ornate altar of the Wu Jian Council.
  6308 | D:9      | Reached skill level 5 in Evocations
  6312 | D:9      | Reached skill level 1 in Shields
  6332 | D:9      | Reached XP level 11. HP: 57/67 MP: 15/15
  6348 | D:9      | Found a staircase to the Orcish Mines.
  6513 | D:9      | Reached skill level 10 in Shapeshifting
  6919 | D:10     | Entered Level 10 of the Dungeon
  6919 | D:10     | Reached *** piety under Hepliaklqana
  6944 | D:10     | Noticed Harold
  6947 | D:10     | Noticed Joseph
  6958 | D:10     | Killed Harold
  6962 | D:10     | Killed Joseph
  7706 | Lair:1   | Entered Level 1 of the Lair of Beasts
  7738 | Lair:1   | Reached skill level 5 in Short Blades
  7827 | Lair:1   | Learned a level 2 spell: Blink
  7912 | Lair:1   | Reached XP level 12. HP: 64/73 MP: 16/16
  7917 | Lair:1   | Reached skill level 1 in Invocations
  8202 | Lair:1   | Reached skill level 1 in Translocations
  8209 | Lair:1   | Reached skill level 11 in Shapeshifting
  8443 | Lair:2   | Reached **** piety under Hepliaklqana
  8472 | Lair:2   | Noticed a four-headed hydra
  8491 | Lair:2   | Killed a four-headed hydra
  8494 | Lair:2   | Noticed a five-headed hydra
  8521 | Lair:2   | Reached skill level 5 in Shields
  8548 | Lair:2   | Killed a five-headed hydra
  8575 | Lair:2   | Reached XP level 13. HP: 81/81 MP: 17/17
  8603 | Lair:2   | Mangled by an elephant

Illustrated notes

Levels and vault maps discovered:
D:1:      scummos_arrival_simple_crosswalls, layout_rooms, chequers_arboretum,
          minmay_pentomino_q2
D:2:      layout_loops_ring
D:3:      layout_loops_corners, serial_shops, nicolae_shop_tiny_waterfront,
          serial_bayou_pond_c, st_stairs_9, minivault_25, uniq_grinder
D:4:      layout_basic, eat_drink_and_be_merry_uskayaw,
          mainiacjoe_overflow_swirl, minmay_temple_entry_statues_fountains,
          minmay_liquid_box, nicolae_shop_distant_corner_stores, uniq_sigmund
D:5:      layout_basic, dreamdust_gnoll_farm, uniq_blork_the_orc, uniq_eustachio
D:6:      layout_loops_corners, lemuel_coloured_pillars_altar, vehumet_statue
D:7:      layout_rooms, nicolae_dithmenos_shadow_blocks, lightli_temple_of_fire,
          nicolae_zig_zag_zippers
D:8:      layout_cave_pods, mainiacjoe_overflow_catwalk_spiral,
          pdpol_wu_jian_five_deadly_venoms, lair_entry_dummy,
          nicolae_underground_beach, uniq_erica, uniq_psyche, uniq_maurice
D:9:      layout_roguey, erik_orc_4, minivault_8
D:10:     layout_big_octagon, uniq_joseph, uniq_harold
D:11:     layout_rooms, nicolae_sif_muna_condensation, uniq_lodul
Temple:   nicolae_temple_x_marks_the_god
Lair:1:   layout_small_grid, chequers_serial_rivers_micro_d
Lair:2:   regret_index_harrowing_hell_hive, layout_chaotic_city,
          nicolae_swamp_entry_splash_gauntlet, st_stairs_10,
          nicolae_lair_run_with_the_wolves

Skill      XL: |  1  2  3  4  5  6  7  8  9 10 11 12 13 |
---------------+----------------------------------------+-----
Fighting       | 2 3 4 5 7 8 9 |  9.0
Throwing       | 1 2 3 |  3.0
Dodging        | 3 4 5 6 7 |  7.7
Shapeshifting  | 4 5 6 8 9 10 11 | 11.8
Unarmed Combat | 4 5 |  5.6
Short Blades   | 2 3 5 |  5.2
Evocations     | 3 5 6 7 |  7.9
Spellcasting   | 2 3 |  3.0
Shields        | 1 4 5 |  5.0
Invocations    | 3 4 |  4.0
Translocations | 3 |  3.6

Action                     |  1- 3 |  4- 6 |  7- 9 | 10-12 | 13-15 || total
---------------------------+-------+-------+-------+-------+-------++-------
  Melee: Unarmed           |    50 |       |       |       |       ||    50
         Constrict         |    20 |     8 |    49 |    71 |     5 ||   153
         Tentacles         |     8 |     8 |    43 |   141 |    21 ||   221
         Punch             |     1 |     2 |    10 |    35 |     6 ||    54
         Short sword       |    14 |     3 |       |       |       ||    17
         Quick blade       |       |    31 |   174 |   430 |    48 ||   683
  Throw: Boomerang         |       |       |       |     3 |       ||     3
 Invoke: Ancestor Life: Ba |       |       |       |     1 |       ||     1
    Use: Scroll            |       |     4 |     1 |     6 |       ||    11
   Stab: Sleeping          |     6 |     4 |     8 |     7 |       ||    25
         Distracted        |       |       |       |     3 |       ||     3
 Armour: Skin              |    27 |     2 |    31 |    86 |    23 ||   169
  Dodge: Dodged            |    36 |    12 |    80 |   231 |    51 ||   410
  Block: Buckler           |       |       |       |    83 |    10 ||    93

Table legend: (Time is in decaauts)
 A = Elapsed time spent in this place.
 B = Non-inter-level travel time spent in this place.
 C = Inter-level travel time spent in this place.
 D = Time resting spent in this place.
 E = Time spent auto-exploring this place.
 F = Levels seen in this place.
 G = Mean time per level.
                   A        B        C        D        E       F      G
               +--------+--------+--------+--------+--------+-----+--------+
         Total |   8621 |   7740 |    881 |    368 |   5920 |  14 |  615.8 |
       Dungeon |   7686 |   6836 |    850 |    368 |   5312 |  11 |  698.7 |
        Temple |     40 |     40 |      0 |      0 |      0 |   1 |   40.0 |
          Lair |    893 |    862 |     31 |      0 |    608 |   2 |  446.5 |
               +--------+--------+--------+--------+--------+-----+--------+

Top non-repeatable levels by time:
     D:3: 1026 daAuts
     D:6: 982 daAuts
     D:8: 882 daAuts
     D:5: 865 daAuts
     D:4: 824 daAuts
     D:9: 799 daAuts
  Lair:1: 736 daAuts
     D:2: 695 daAuts
    D:10: 584 daAuts
     D:1: 523 daAuts
     D:7: 496 daAuts
  Lair:2: 157 daAuts
  Temple: 40 daAuts
    D:11: 8 daAuts
